 Dungeon Crawl Stone Soup version 0.28.0-45-g0d030f2227 (webtiles) character file.

Game seed: 67653858925861053

58 Descartes the Chopper (level 4, -3/33 HPs)
             Began as a Formicid Warper on Apr 15, 2022.
             Slain by Terence
             ... wielding a +0 short sword
              (7 damage)
             ... on level 2 of the Dungeon on Apr 16, 2022.
             The game lasted 00:05:15 (2546 turns).

Descartes the Chopper (Formicid Warper)             Turns: 2546, Time: 00:05:15

Health: -3/33      AC:  6    Str: 18    XL:     4   Next: 20%
Magic:  7/7        EV: 11    Int: 12    God:
Gold:   98         SH:  0    Dex: 10    Spells: 7/7 levels left

rFire   . . .      SeeInvis +   a - +0 hand axe
rCold   . . .      Faith    .   (no shield)
rNeg    . . .      Spirit   .   g - +0 ring mail
rPois   .          Reflect  .   (helmet unavailable)
rElec   .          Harm     .   (no cloak)
rCorr   .          Rampage  .   h - +0 pair of gloves
Will    .....                   (no boots)
Stlth   ..........              (no amulet)
HPRegen 0.11/turn               (no ring)
MPRegen 0.10/turn               (no ring)

@: no status effects
A: permanent stasis, dig shafts and tunnels, antennae 3, four strong arms
a: Dig, Shaft Self


You were on level 2 of the Dungeon.
You visited 1 branch of the dungeon, and saw 3 of its levels.

You collected 98 gold pieces.

Inventory:

Hand Weapons
 a - a +0 hand axe (weapon)
 j - a +0 dagger of venom
Missiles
 c - 5 boomerangs of dispersal (quivered)
 f - 23 stones
 k - 4 boomerangs
Armour
 b - a +0 leather armour
 g - a +0 ring mail (worn)
 h - a +0 pair of gloves (worn)
Scrolls
 d - a scroll of magic mapping {unknown}
 i - 4 scrolls of identify {unknown}
 l - a scroll of noise {unknown}


   Skills:
 - Level 2.1 Fighting
 * Level 3.2 Axes
 - Level 1.0 Throwing
 + Level 2.1 Armour
 - Level 1.7 Dodging
 - Level 2.1 Spellcasting
 + Level 3.1 Translocations


You had 7 spell levels left.
You didn't know any spells.
Your spell library contained the following spells:

 Spells                   Type           Power      Damage    Failure   Level
 Gell's Gravitas          Tloc           8%         N/A       36%         3
 Lesser Beckoning         Tloc           8%         N/A       36%         3
 Teleport Other           Tloc           8%         N/A       36%         3
 Animate Skeleton         Necr           2%         N/A       43%         1
 Pain                     Necr           4%         1d4       43%         1
 Vampiric Draining        Necr           1%         2d6       80%         3
 Manifold Assault         Tloc           8%         N/A       98%         5
 Blink                    Tloc           Unusable   N/A       N/A         2

Dungeon Overview and Level Annotations

Branches:
Dungeon (3/15)

Altars:

Annotations:
D:2 Terence


Innate Abilities, Weirdness & Mutations

You cannot be hasted, slowed, berserked, paralysed or teleported.
You can dig through walls and to a lower floor.
You have a pair of large antennae on your head. (SInv)
Your four strong arms can wield two-handed weapons with a shield.


Message History

Terence is lightly wounded.
Terence hits you but does no damage.
You hit Terence but do no damage.
Terence is lightly wounded.
Terence hits you with a +0 short sword.
You hit Terence but do no damage.
Terence is lightly wounded.
Terence hits you but does no damage.
You hit Terence but do no damage.
Terence is lightly wounded.
Terence closely misses you. Terence hits you with a +0 short sword.
You hit Terence but do no damage.
Terence is lightly wounded.
Terence hits you but does no damage.
You hit Terence but do no damage.
Terence is lightly wounded.
Terence hits you but does no damage.
You hit Terence but do no damage.
Terence is lightly wounded.
Terence hits you with a +0 short sword!
You closely miss Terence.
Terence is lightly wounded.
Terence completely misses you.
You aren't carrying any potions.
Unknown command.
As you read the scroll labelled LYUKOQ QINUHAV, it crumbles to dust.
Your body is wracked with pain!
* * * LOW HITPOINT WARNING * * *
Terence convulses!
It was a scroll of torment.
Terence hits you with a +0 short sword!
* * * LOW HITPOINT WARNING * * *
Terence bares his teeth.
Terence shouts, "Get ready for death!"
You aren't carrying any potions.
Really read the scroll of torment?
As you read the scroll of torment, it crumbles to dust.
Your body is wracked with pain!
* * * LOW HITPOINT WARNING * * *
Terence convulses!
Terence hits you with a +0 short sword!
You die...

#####.#...##.......#### #
....#.###.##.....### # >##.#.#
#.......## # .##...#####.....# #
........###.....# #
####..#...##....# #
.####...........# ##
....#.######...@### #. ###.#..#
##...@.### #. #.##.###
##.......## #. #.##...#
#..##..(..##### #. #.####.#
#.###.........#######. # #..#
#.###.# #####...#......... #
##)###...#.# ##..######.#.# #
#.....#...## #####..#####..#..
########.##...###............####
.#.............##..........### #


You could see Terence.

Vanquished Creatures
  A dart slug (D:2)
  An orc (D:2)
  5 endoplasms
  2 giant cockroaches
  5 goblins
  3 hobgoblins
  7 jackals
  5 kobolds
  A quokka (D:1)
  7 ball pythons
  4 bats
  2 frilled lizards (D:1)
  3 rats
46 creatures vanquished.

Notes
Turn   | Place    | Note
-------+----------+-------------------------------------------
     0 | D:1      | Descartes the Formicid Warper began the quest for the Orb.
     0 | D:1      | Reached XP level 1. HP: 16/16 MP: 3/3
   273 | D:1      | Reached XP level 2. HP: 20/22 MP: 5/5
  1049 | D:1      | Reached XP level 3. HP: 11/27 MP: 6/6
  1070 | D:1      | HP: 1/27 [jackal (1)]
  2150 | D:2      | Reached XP level 4. HP: 32/33 MP: 7/7
  2168 | D:2      | Found a faded altar of an unknown god.
  2423 | D:3      | Noticed Terence
  2497 | D:2      | HP: 1/33 [Terence/+0 short sword (7)]
  2546 | D:2      | Slain by Terence

Illustrated notes

Levels and vault maps discovered:
D:1:      evilmike_arrival_crescent, layout_loops_corners, minmay_tiny_reverse_x
D:2:      layout_rooms, nicolae_ecumenical_snake_handling,
          kennysheep_nondescript
D:3:      layout_loops_ring, overflow_temple_1_default, evilmike_ruin_ashenzari,
          gammafunk_ghost_mausoleum, minmay_crystal_room, uniq_terence

Skill      XL: |  1  2  3 |
---------------+----------+-----
Translocations | 3 |  3.1
Axes           | 3 |  3.2
Armour         | 2 |  2.1
Fighting       | |  2.1
Throwing       | |  1.0
Dodging        | |  1.7
Spellcasting   | |  2.1

Action                   |  1- 3 |  4- 6 || total
-------------------------+-------+-------++-------
Melee: Hand axe          |   136 |    36 ||   172
       Punch             |     1 |       ||     1
  Use: Scroll            |       |     2 ||     2
       Potion            |       |     1 ||     1
 Stab: Sleeping          |     1 |       ||     1
Armor: Leather armour    |    29 |       ||    29
       Ring mail         |    29 |    13 ||    42
Dodge: Dodged            |   108 |    20 ||   128
